 Dungeon Crawl Stone Soup version 0.20.1-1-g8b1a95d (webtiles) character file.

142 Mesmaeker13 the Skirmisher (level 5, 0/41 HPs)
             Began as a Human Warper on July 24, 2017.
             Was a Follower of Elyvilon.
             Slain by a mummy (8 damage)
             ... in an ossuary.
             The game lasted 00:06:52 (3334 turns).

Mesmaeker13 the Skirmisher (Human Warper)           Turns: 3334, Time: 00:06:53

Health: 0/41       AC:  5    Str: 12    XL:     5   Next: 49%
Magic:  8/8        EV: 11    Int: 14    God:    Elyvilon [*.....]
Gold:   192        SH:  0    Dex: 12    Spells: 6/8 levels left

rFire    . . .     SeeInvis .   a - +0 falchion
rCold    . . .     Gourm    .   (no shield)
rNeg     . . .     Faith    .   l - +0 ring mail
rPois    .         Spirit   .   (no helmet)
rElec    .         Reflect  .   (no cloak)
rCorr    .         Harm     .   (no gloves)
MR       .....                  (no boots)
Stlth    +.........             (no amulet)
Regen    0.2/turn               u - ring of wizardry
MPRegen  0.2/turn               (no ring)

@: no status effects
A: no striking features
a: Lesser Healing, Divine Protection, Renounce Religion


You were in an ossuary.
You worshipped Elyvilon.
Elyvilon was aware of your devotion.
You were not hungry.

You visited 1 branch of the dungeon, and saw 4 of its levels.
You also visited: Ossuary.

You collected 192 gold pieces.

Inventory:

Hand Weapons
 a - a +0 falchion (weapon)
 q - a +1 dagger of venom
Missiles
 e - 5 tomahawks of dispersal (quivered)
Armour
 l - a +0 ring mail (worn)
Jewellery
 u - a ring of wizardry (left hand)
Scrolls
 d - a scroll of blinking
 h - a scroll of teleportation {unknown}
 k - 2 scrolls of fog
 m - a scroll of enchant weapon {unknown}
 s - a scroll of amnesia {unknown}
 t - a scroll of immolation {unknown}
 x - a scroll of recharging {unknown}
 y - a scroll of magic mapping {unknown}
 z - a scroll of remove curse
Potions
 g - a potion of flight
 i - a potion of brilliance {unknown}
 n - 2 potions of curing
 r - 2 potions of haste
 w - a potion of might {unknown}
Books
 c - a book of Spatial Translocations

   Spells                             Type                      Level
   a - Blink                          Translocation                2
   b - Shroud of Golubria             Charms/Translocation         2
   c - Lesser Beckoning               Translocation                3
   d - Gell's Gravitas                Translocation                3
   e - Teleport Other                 Translocation                3
   f - Passage of Golubria            Translocation                4
Comestibles
 f - a bread ration
 p - 4 meat rations
 A - a royal jelly


   Skills:
 + Level 3.4 Fighting
 + Level 3.2 Long Blades
 - Level 1.0 Throwing
 + Level 3.0 Armour
 - Level 2.0 Dodging
 - Level 2.0 Spellcasting
 - Level 3.0 Translocations


You had 6 spell levels left.
You knew the following spells:

 Your Spells              Type           Power        Failure   Level  Hunger
a - Shroud of Golubria    Chrm/Tloc      #.........   16%         2    ###....


Dungeon Overview and Level Annotations

Branches:
Dungeon (4/15)
 Temple: D:4-7

Altars:
Elyvilon
Hepliaklqana


Message History

The mummy hits you but does no damage.
You hit the mummy but do no damage.
The mummy is lightly damaged.
The mummy hits you!
You hit the mummy.
The mummy is moderately damaged.
You hit the mummy.
The mummy is moderately damaged.
The mummy hits you!
* * * LOW HITPOINT WARNING * * *
You barely miss the mummy.
The mummy is moderately damaged.
The mummy hits you.
* * * LOW HITPOINT WARNING * * *
You hit the mummy but do no damage.
The mummy is moderately damaged.
You barely miss the mummy.
The mummy is moderately damaged.
The mummy hits you!
You die...

#'''# #...#
+...+ #...#
#...# #...#
#.M.# #.@.#
#...# #...#
##'''##
##.....##
####.......####
#W▓...∩.∩...▓W#
####.......####
##.....##


You could see a mummy.

Vanquished Creatures
  An orc priest (D:3)
  2 adders
  An ooze (D:1)
  3 worms
  A leopard gecko (D:1)
  5 orcs (D:3)
  2 giant cockroaches
  5 goblins
  9 hobgoblins
  7 jackals
  4 quokkas
  A ball python (D:2)
  10 bats
  3 frilled lizards
  2 gnoll skeletons (Ossuary)
  6 kobolds
  4 kobold skeletons (Ossuary)
  3 orc skeletons (Ossuary)
  5 rats
74 creatures vanquished.

Notes
Turn   | Place    | Note
-------+----------+-------------------------------------------
     0 | D:1      | Mesmaeker13 the Human Warper began the quest for the Orb.
     0 | D:1      | Reached XP level 1. HP: 16/16 MP: 3/3
   165 | D:1      | Reached XP level 2. HP: 22/22 MP: 5/5
   472 | D:1      | Reached XP level 3. HP: 13/28 MP: 6/6
  1755 | D:2      | Found a white marble altar of Elyvilon.
  1781 | D:2      | Reached XP level 4. HP: 24/34 MP: 7/7
  1814 | D:2      | Became a worshipper of Elyvilon the Healer
  2616 | D:3      | Reached * piety under Elyvilon
  2824 | D:3      | Reached XP level 5. HP: 31/41 MP: 8/8
  2905 | D:4      | Noticed a phantom
  2974 | D:4      | Found a hazy altar of Hepliaklqana.
  3141 | D:4      | Found a sand-covered staircase.
  3152 | Ossuary  | Entered an ossuary
  3152 | Ossuary  | Noticed a wraith
  3152 | Ossuary  | Noticed a wraith
  3152 | Ossuary  | Noticed a wraith
  3177 | Ossuary  | Learned a level 2 spell: Shroud of Golubria
  3334 | Ossuary  | Slain by a mummy

Skill      XL: |  1  2  3  4  5 |
---------------+----------------+-----
Armour         | 2 3 |  3.0
Fighting       | 3 |  3.4
Long Blades    | 3 |  3.2
Throwing       | |  1.0
Dodging        | |  2.0
Spellcasting   | |  2.0
Translocations | |  3.0

Action                   |  1- 3 |  4- 6 || total
-------------------------+-------+-------++-------
Melee: Falchion          |   121 |   152 ||   273
Throw: Tomahawk          |       |    14 ||    14
Invok: Lesser Healing    |       |     1 ||     1
Evoke: Wand              |       |     2 ||     2
  Use: Scroll            |     4 |     4 ||     8
  Eat: Chunk             |     3 |     4 ||     7
       Bread ration      |       |     1 ||     1
Armor: Leather armour    |     1 |       ||     1
       Ring mail         |    18 |    25 ||    43
       Scale mail        |    38 |    37 ||    75
Dodge: Dodged            |    75 |    80 ||   155
       Rpst.: Falchion   |    29 |    26 ||    55
